 Dungeon Crawl Stone Soup version 0.20.1-1-g8b1a95d (webtiles) character file.

114 Irenicus the Chopper (level 4, -2/40 HPs)
             Began as a Deep Dwarf Berserker on Nov 1, 2017.
             Was a Believer of Trog.
             Slain by Sigmund
             ... wielding a +1 scythe of venom
              (7 damage)
             ... on level 2 of the Dungeon.
             The game lasted 00:03:46 (1229 turns).

Irenicus the Chopper (Deep Dwarf Berserker)         Turns: 1229, Time: 00:03:47

Health: -2/40      AC:  5    Str: 21    XL:     4   Next: 66%
Magic:  4/4        EV: 17    Int:  9    God:    Trog [**....]
Gold:   94         SH:  0    Dex: 18    Spells: 3/3 levels left

rFire    . . .     SeeInvis .   a - +0 hand axe
rCold    . . .     Gourm    .   (no shield)
rNeg     . . .     Faith    .   d - +0 leather armour
rPois    .         Spirit   .   (no helmet)
rElec    .         Reflect  .   (no cloak)
rCorr    .         Harm     .   (no gloves)
MR       ++...                  (no boots)
Stlth    ++........             (no amulet)
Regen    1.0/turn               (no ring)
MPRegen  0.1/turn               (no ring)

@: agile, lethally poisoned (-2 -> -2), flying, non-regenerating
A: damage resistance, heal wounds, hooves 1, molten scales 1, clever 1, sense
surroundings 1, no regeneration
a: Heal Wounds, Berserk, Trog's Hand, Burn Spellbooks, Renounce Religion


You were on level 2 of the Dungeon.
You worshipped Trog.
Trog was pleased with you.
You were not hungry.

You visited 1 branch of the dungeon, and saw 2 of its levels.

You collected 94 gold pieces.

Inventory:

Hand Weapons
 a - a +0 hand axe (weapon)
Armour
 d - a +0 leather armour (worn)
Scrolls
 e - a scroll of teleportation {unknown}
 h - a scroll of recharging {unknown}
 i - a scroll of magic mapping {unknown}
 l - a scroll of identify {unknown}
 m - a scroll of enchant armour {unknown}
 p - a scroll of remove curse {unknown}
Potions
 b - a potion of invisibility
Books
 n - a book of Changes

   Spells                             Type                      Level
   a - Beastly Appendage              Transmutation                1
   b - Sticks to Snakes               Transmutation                2
   c - Spider Form                    Transmutation/Poison         3
   d - Ice Form                       Ice/Transmutation            4
   e - Blade Hands                    Transmutation                5
   Trog disapproves of the use of such an item.
Comestibles
 c - 4 bread rations
 j - a royal jelly


   Skills:
 - Level 2.6 Fighting
 + Level 6.0 Axes
 - Level 2.1 Armour
 - Level 2.1 Dodging


You had 3 spell levels left.
You didn't know any spells.

Dungeon Overview and Level Annotations

Branches:
Dungeon (2/15)

Altars:
Ashenzari

Annotations:
D:2 Sigmund


Innate Abilities, Weirdness & Mutations

You are resistant to damage.
You can heal yourself by infusing magical energy.
You passively map a small area around you.
You do not regenerate.
You have large cloven feet.
You are partially covered in molten scales. (AC +2)
Your mind is acute. (Int +2)


Message History

Found 10 gold pieces.
Okay, then.
Okay, then.
It was a potion of flight.
You feel very buoyant.
You fly up into the air.
It was a potion of mutation.
You feel extremely strange.
Your feet thicken and deform.
You feel clever.
Molten scales grow over part of your body.
It was a potion of magic.
Magic courses through your body.
It was a potion of agility.
You feel agile all of a sudden.
Okay, then.
Your skin crawls.
You feel resistant to hostile enchantments.
You feel somewhat more hungry. Something hits you.
* * * LOW HITPOINT WARNING * * *
You are poisoned.
You fail to use your ability.
Something hits you!
You die...

###################
#.............@...#
###.###############.#
.[..# ##...## .#
###########.....# .#
................# .#
###########<....# .#
.# ##...## {# .#
##.## $# .# #.# ,*


There were no monsters in sight!

Vanquished Creatures
  A jelly (D:2)
  8 oozes (D:2)
  2 worms (D:2)
  3 dart slugs (D:2)
  A ball python (D:2)
  2 giant cockroaches
  2 goblins (D:1)
  4 hobgoblins
  9 kobolds
  4 bats
  3 frilled lizards
  3 rats
42 creatures vanquished.

Vanquished Creatures (others)
  A fungus (D:2)
  4 toadstools (D:2)
5 creatures vanquished.

Grand Total: 47 creatures vanquished

Notes
Turn   | Place    | Note
-------+----------+-------------------------------------------
     0 | D:1      | Irenicus the Deep Dwarf Berserker began the quest for the Orb.
     0 | D:1      | Reached XP level 1. HP: 20/20 MP: 1/1
   177 | D:1      | Reached skill level 4 in Axes
   177 | D:1      | Reached XP level 2. HP: 18/27 MP: 2/2
   715 | D:2      | Found a shattered altar of Ashenzari.
   824 | D:2      | Reached XP level 3. HP: 10/33 MP: 3/3
   942 | D:2      | Reached ** piety under Trog
   988 | D:2      | Reached skill level 5 in Axes
   999 | D:2      | Reached XP level 4. HP: 20/40 MP: 4/4
  1098 | D:2      | Reached skill level 6 in Axes
  1221 | D:2      | Noticed Sigmund
  1224 | D:2      | Gained mutation: You have large cloven feet. [potion of mutation]
  1224 | D:2      | Gained mutation: Your mind is acute. (Int +2) [potion of mutation]
  1224 | D:2      | Gained mutation: You are partially covered in molten scales. (AC +2) [potion of mutation]
  1229 | D:2      | Slain by Sigmund

Skill      XL: |  1  2  3  4 |
---------------+-------------+-----
Axes           | 4 5 6 |  6.0
Fighting       | |  2.6
Armour         | |  2.1
Dodging        | |  2.1

Action                   |  1- 3 |  4- 6 || total
-------------------------+-------+-------++-------
Melee: Hand axe          |    91 |    15 ||   106
Invok: Berserk           |     3 |     1 ||     4
       Trog's Hand       |       |     1 ||     1
  Use: Potion            |     2 |     4 ||     6
  Eat: Chunk             |     2 |       ||     2
       Meat ration       |       |     1 ||     1
Armor: Leather armour    |    26 |     1 ||    27
Dodge: Dodged            |    47 |     8 ||    55
